 Dungeon Crawl Stone Soup version 0.29.1-13-g9f3cf754e1 (webtiles) character file.

Game seed: 10333616380628754667

28 hawla the Firebug (level 3, 0/26 HPs)
             Began as a Meteoran Fire Elementalist on Jan 21, 2023.
             Succumbed to an adder's poison
             ... on level 3 of the Dungeon.
             The game lasted 00:01:37 (382 turns).

hawla the Firebug (Meteoran Fire Elementalist)       Turns: 382, Time: 00:01:38

Health: 0/26       AC:  2    Str:  9    XL:     3   Next: 50%
Magic:  6/8        EV: 12    Int: 19    God:
Gold:   0          SH:  0    Dex: 14    Spells: 5/8 levels left

rFire   . . .      SeeInvis .   (no weapon)
rCold   . . .      Faith    .   (no shield)
rNeg    . . .      Spirit   .   a - +0 robe
rPois   .          Reflect  .   (no helmet)
rElec   .          Harm     .   (no cloak)
rCorr   .          Rampage  .   (no gloves)
Will    .....                   (no boots)
Stlth   +.........              d - amulet of magic regeneration
HPRegen 0.08/turn               (no ring)
MPRegen 0.51/turn               (no ring)

@: lethally poisoned (0 -> -11), glowing
A: sense surroundings 1, otherworldly, glowing, explore regen
a: no special abilities


You were on level 3 of the Dungeon.
You visited 1 branch of the dungeon, and saw 3 of its levels.

Inventory:

Armour
 a - a +0 robe (worn)
Jewellery
 c - an amulet of regeneration
 d - an amulet of magic regeneration (around neck)


   Skills:
 + Level 2.6 Dodging
 - Level 1.4 Stealth
 + Level 3.2 Spellcasting
 + Level 1.3 Conjurations
 + Level 4.5 Fire Magic


You had 5 spell levels left.
You knew the following spells:

 Your Spells              Type           Power      Damage    Failure   Level
a - Foxfire               Conj/Fire      56%        2x1d6     4%          1
b - Scorch                Fire           40%        2d7       3%          2

Your spell library contained the following spells:

 Spells                   Type           Power      Damage    Failure   Level
 Conjure Flame            Conj/Fire      14%        6-21      13%         3
 Inner Flame              Hex/Fire       11%        N/A       17%         3
 Flame Wave               Conj/Fire      14%        2d6       41%         4


Dungeon Overview and Level Annotations

Branches:
Dungeon (3/15) Zot: 1418

Altars:

Portals:
Sewer: D:3


Innate Abilities, Weirdness & Mutations

You passively map a small area around you.
You are easily found by Zot.
You glow in the dark.
You regain HP and MP as you explore.


Message History

You kill the adder!
The foxfire hits the adder.
The adder is heavily wounded.
The adder bites you but does no damage.
Casting: Scorch (safe; 3% risk of failure)
Confirm with . or Enter, or press ? or * to list all spells.
You conjure some foxfire!
You feel sick. The adder bites you.
You are more poisoned.
The adder poisons you! The giant cockroach barely misses you.
Casting: Foxfire (safe; 4% risk of failure)
Confirm with . or Enter, or press ? or * to list all spells.
Flames lash the adder.
The adder is severely wounded.
The adder's fire resistance burns away.
You feel sick.
The foxfire hits the giant cockroach.
The giant cockroach is moderately wounded.
The foxfire hits the giant cockroach.
The giant cockroach is severely wounded.
The adder bites you but does no damage. The adder bites you.
Magic courses through your body.
You feel sick. The giant cockroach closely misses you.
The adder barely misses you. The adder closely misses you.
The giant cockroach bites you but does no damage. x2
Casting: Scorch (safe; 3% risk of failure)
Confirm with . or Enter, or press ? or * to list all spells.
You conjure some foxfire!
You feel sick. The adder bites you.
* * * LOW HITPOINT WARNING * * *
The adder bites you.
* * * LOW HITPOINT WARNING * * *
You are lethally poisoned!
The adder poisons you!
The giant cockroach bites you but does no damage.
The giant cockroach bites you.
* * * LOW HITPOINT WARNING * * *
The adder barely misses you.
Casting: Foxfire (safe; 4% risk of failure)
Confirm with . or Enter, or press ? or * to list all spells.
Flames lash the adder.
The adder is burned terribly!
You kill the adder!
You die...

#.......#...###. , ,
,. ..#####.........#
, #
#.#.#~~~#.##.###..#
, *.##.#.#~~~#.##.#
.# * *
.....#~∩~#....###. #
*#.#.#~~~#........ *
#.##...#~~~#.######.
#....†B##†##.# * < *
*,#@B...).# , , ,
......vvS###..# *
######>###*#..#* #.
, ,..... , ##
#######* *


You could see an adder (ally target) and 2 giant cockroaches.

Vanquished Creatures
  3 adders (D:3)
  A bat (D:2)
  2 endoplasms
  2 goblins
  A frilled lizard (D:1)
  A kobold (D:3)
  A rat (D:2)
11 creatures vanquished.

Vanquished Creatures (others)
  18 foxfires
18 creatures vanquished.

Grand Total: 29 creatures vanquished

Notes
Turn   | Place    | Note
-------+----------+-------------------------------------------
     0 | D:1      | hawla the Meteoran Fire Elementalist began the quest for
                  | the Orb.
     0 | D:1      | Reached XP level 1. HP: 14/14 MP: 5/5
   274 | D:2      | Reached XP level 2. HP: 20/20 MP: 5/7
   277 | D:2      | Learned a level 2 spell: Scorch
   283 | D:2      | Reached skill level 4 in Fire Magic
   355 | D:3      | Found a glowing drain.
   376 | D:3      | Reached XP level 3. HP: 19/26 MP: 5/8
   382 | D:3      | Succumbed to an adder's poison

Illustrated notes

Levels and vault maps discovered:
D:1:      evilmike_arrival_rings, layout_basic,
          hellmonk_ecumenical_altar_watching_god, minmay_tree_intersection
D:2:      layout_basic
D:3:      layout_loops_ring, nicolae_xom_altar_mimics, elyvilon_altar_4,
          gup_sewer_entry_glass, minmay_diced_spiral

Skill      XL: |  1  2 |
---------------+-------+-----
Spellcasting   | 3 |  3.2
Fire Magic     | 4 |  4.5
Dodging        | |  2.6
Stealth        | |  1.4
Conjurations   | |  1.3

Action                   || total
-------------------------++-------
Melee: Unarmed           ||     2
 Cast: Foxfire           ||    13
       Scorch            ||     4
  Use: Scroll            ||     1
       Potion            ||     1
Armor: Robe              ||     6
Dodge: Dodged            ||    11
